 Dungeon Crawl Stone Soup version 0.24.0-13-gcf9b319 (webtiles) character file.

Game seed: 13902700849255555982, levelgen mode: deterministic

3570 Fang the Fighter (level 10, 0/64 HPs)
             Began as a Gargoyle Berserker on Dec 6, 2019.
             Was an Elder of Trog.
             Slain by a hippogriff (2 damage)
             ... summoned by an orange crystal statue
             ... on level 8 of the Dungeon.
             The game lasted 00:08:59 (7478 turns).

Fang the Fighter (Gargoyle Berserker)               Turns: 7478, Time: 00:08:59

Health: 0/64       AC: 26    Str: 25    XL:     10   Next: 9%
Magic:  0/10       EV:  2    Int: -12 (7) God:    Trog [****..]
Gold:   261        SH:  0    Dex:  9    Spells: 9/9 levels left

rFire    . . .     SeeInvis .   a - +0 hand axe
rCold    . . .     Gourm    .   B - +0 large shield of Zulol {rElec} (curse)
rNeg     + . .     Faith    .   b - +0 crystal plate armour
rPois    ∞         Spirit   .   (no helmet)
rElec    +         Reflect  .   (no cloak)
rCorr    .         Harm     .   (no gloves)
MR       .....                  (no boots)
Stlth    ..........             t - amulet of regeneration
HPRegen  0.60/turn              (no ring)
MPRegen  0.12/turn              (no ring)

@: confused, fainting, slowed, lost intelligence, studying 2 skills, very slow
A: negative energy resistance 1, electricity resistance, unbreathing,
petrification resistance, rot immunity, AC +7
a: Berserk, Trog's Hand, Brothers in Arms, Renounce Religion


You were on level 8 of the Dungeon.
You worshipped Trog.
Trog was greatly pleased with you.
You were fainting.

You visited 2 branches of the dungeon, and saw 9 of its levels.
You also visited: Bailey.

You collected 536 gold pieces.
You spent 275 gold pieces at shops.

Inventory:

Hand Weapons
 a - a +0 hand axe (weapon)
Armour
 b - a +0 crystal plate armour (worn)
 z - the +10 large shield of Ignorance {rN+ Int-4}
   (You found it on level 8 of the Dungeon)

   It affects your intelligence (-4).
   It protects you from negative energy.
 B - the cursed +0 large shield of Zulol (worn) {rElec}
   (You bought it in a shop on level 4 of the Dungeon)

   It insulates you from electricity.
   It has a curse placed upon it.
Jewellery
 t - an amulet of regeneration (around neck)
Wands
 p - a wand of polymorph (10)
 v - a wand of digging (5)
Scrolls
 d - 3 scrolls of identify {unknown}
 h - 6 scrolls of enchant armour {unknown}
 i - 2 scrolls of fear {unknown}
 j - 7 scrolls of remove curse {unknown}
 l - 7 scrolls of teleportation {unknown}
 m - 2 scrolls of blinking {unknown}
 n - a scroll of amnesia {unknown}
 o - a scroll of enchant weapon {unknown}
 q - a scroll of fog {unknown}
 s - a scroll of immolation {unknown}
Potions
 e - 4 potions of lignification {unknown}
 f - 2 potions of flight {unknown}
 g - a potion of curing {unknown}
 k - 2 potions of might {unknown}
 r - a potion of ambrosia {unknown}
 w - a potion of mutation {unknown}
Books
 x - a manual of Fighting
 y - a manual of Armour
Comestibles
 c - 10 rations


   Skills:
 + Level 8.1 Fighting
 + Level 6.6 Axes
 + Level 7.6 Armour
 + Level 5.8 Dodging
 + Level 4.7 Shields


You had 9 spell levels left.
You didn't know any spells.
Your spell library was empty.

Dungeon Overview and Level Annotations

Branches:
Dungeon (8/15)             Temple (1/1) D:5          Bailey (visited)
   Lair: D:8-11

Altars:
Ashenzari
Elyvilon
Fedhas
Gozag
Nemelex Xobeh
Okawaru
Qazlal
Ru
Vehumet
Wu Jian
Zin
The Shining One

Shops:
D:4 [

Annotations:
D:7 2 transporters, qdestroyer's ghost, novice MiBe
D:8 exclusion: 4 orange crystal statues


Innate Abilities, Weirdness & Mutations

You are resistant to torment.
Your stone body is resilient. (AC +7)
You are immune to poison.
You resist negative energy. (rN+)
You are resistant to electric shocks. (rElec)
You can survive without breathing.
You are immune to petrification.
You are immune to rotting.


Message History

Something tries to feed on your intellect!
The phantom hits you but does no damage.
The orc hits you but does no damage. The hungry ghost hits you.
You feel slightly more hungry.
You bump into the stone wall.
The wyvern completely misses you. The hippogriff bites you.
* * * LOW HITPOINT WARNING * * *
The hippogriff pecks you but does no damage.
The hippogriff claws you but does no damage.
The orange crystal statue fixes its piercing gaze on you. x2
The orc priest invokes the aid of Beogh against you.
Beogh smites you!
* * * LOW HITPOINT WARNING * * *
The phantom barely misses you.
The wyvern bites you but does no damage.
The hungry ghost hits you.
You feel slightly more hungry. The orc hits you but does no damage.
The hippogriff bites you but does no damage.
The hippogriff pecks you.
You die...

##### #...##########
#............#
#..#########.#
#..#8....h8#.#
#..#.#..s#H#.#
#..#...l{W@#.#########
#..+...rOWlo.#.......#
#..#)..oZaF#.#.#####.#
######..#.#..o#H#....####.#
......'.#8.....8#....>....#
#######.#########).#.######
#######...........##.#
...............#####.#
########.####### #.#######


You could see 4 orange crystal statues, 2 hippogriffs, a phantom, a hungry
ghost, a wyvern, an ogre, a bullfrog, a howler monkey, an iguana, a worker ant,
an orc priest, 2 orcs, a bullfrog zombie, a quokka and a giant cockroach.

Vanquished Creatures
  Prince Ribbit (D:5)
  Grinder (D:5)
  A water moccasin (D:7)
  A phantom (D:4)
  11 orc warriors
  An ice beast (D:5)
  A sky beast (D:7)
  4 ogres
  8 centaurs (Bailey)
  A bullfrog (D:4)
  A scorpion (D:3)
  A water moccasin skeleton (D:7)
  A howler monkey (D:6)
  2 crimson imps
  A centaur zombie (D:6)
  2 hounds
  A centaur skeleton (D:8)
  3 orc wizards
  3 worker ants
  A hound zombie (D:7)
  A worker ant zombie (D:6)
  7 adders
  A shadow imp (D:6)
  3 oozes
  An adder skeleton (D:6)
  An adder zombie (D:6)
  3 worms
  5 dart slugs
  6 leopard geckos
  48 orcs
  6 giant cockroaches
  12 goblins
  9 hobgoblins
  2 jackals (D:3)
  4 quokkas
  7 bats
  5 frilled lizards
  A giant cockroach zombie (D:5)
  3 jackal skeletons
  A jackal zombie (D:5)
  5 kobolds
  2 leopard gecko skeletons
  A leopard gecko zombie (D:6)
  A quokka zombie (D:7)
  6 rats
187 creatures vanquished.

Notes
Turn   | Place    | Note
-------+----------+-------------------------------------------
     0 | D:1      | Fang the Gargoyle Berserker began the quest for the Orb.
     0 | D:1      | Reached XP level 1. HP: 14/14 MP: 1/1
     4 | D:1      | You fall into a shaft and drop 1 floor!
   118 | D:2      | Reached XP level 2. HP: 11/19 MP: 2/2
   182 | D:2      | Reached XP level 3. HP: 14/23 MP: 3/3
   582 | D:2      | Reached XP level 4. HP: 27/29 MP: 4/4
   945 | D:3      | Reached skill level 4 in Fighting
   947 | D:3      | Found a blossoming altar of Fedhas.
   983 | D:3      | Reached XP level 5. HP: 26/34 MP: 5/5
   997 | D:3      | Reached ** piety under Trog
  1124 | D:3      | Found a glowing silver altar of Zin.
  1124 | D:3      | Found an ornate altar of the Wu Jian Council.
  1124 | D:3      | Found a sacrificial altar of Ru.
  1324 | D:3      | Found an iron altar of Okawaru.
  1334 | D:3      | Reached XP level 6. HP: 39/39 MP: 6/6
  2385 | D:4      | Reached *** piety under Trog
  2416 | D:4      | Found Nadouby's Antique Armour Shop.
  2486 | D:4      | Found a sparkling altar of Nemelex Xobeh.
  2506 | D:4      | Reached skill level 5 in Fighting
  2519 | D:4      | Reached XP level 7. HP: 31/44 MP: 7/7
  2913 | D:5      | Entered Level 5 of the Dungeon
  3469 | D:5      | Found a stormy altar of Qazlal.
  3486 | D:5      | Noticed Prince Ribbit
  3498 | D:5      | Killed Prince Ribbit
  3498 | D:5      | Reached skill level 5 in Armour
  3498 | D:5      | Reached XP level 8. HP: 51/51 MP: 8/8
  3507 | D:5      | Noticed Grinder
  3531 | D:5      | Killed Grinder
  3531 | D:5      | Reached skill level 6 in Fighting
  3531 | D:5      | Reached skill level 5 in Axes
  3532 | D:5      | Found a staircase to the Ecumenical Temple.
  3580 | Temple   | Entered the Ecumenical Temple
  3661 | D:5      | Noticed a rust devil
  3866 | D:4      | Bought a transparent large shield for 275 gold pieces
  3871 | D:4      | Identified the cursed +0 large shield of Zulol {rElec} (You
                  | bought it in a shop on level 4 of the Dungeon)
  4077 | D:6      | Reached **** piety under Trog
  4352 | D:6      | Found a shattered altar of Ashenzari.
  4382 | D:6      | Reached skill level 1 in Shields
  4507 | D:6      | Found a white marble altar of Elyvilon.
  4509 | D:6      | Found a sparkling altar of Nemelex Xobeh.
  5115 | D:7      | Found a radiant altar of Vehumet.
  5179 | D:7      | Found a glowing golden altar of the Shining One.
  5185 | D:7      | Noticed a manticore
  5186 | D:7      | Found a transporter.
  5188 | D:7      | Noticed qdestroyer's ghost (novice MiBe)
  5202 | D:7      | Found a transporter.
  5203 | D:7      | Found the +5 robe of Misfortune {*Contam Harm *Corrode
                  | *Drain *Slow EV+5}
  5228 | D:7      | Reached XP level 9. HP: 51/56 MP: 9/9
  5320 | D:7      | Reached skill level 7 in Fighting
  5405 | D:7      | Found a flagged portal.
  5414 | Bailey   | Entered a bailey
  5470 | Bailey   | Reached skill level 5 in Dodging
  6316 | Bailey   | Reached XP level 10. HP: 27/64 MP: 10/10
  6627 | Bailey   | Reached skill level 8 in Fighting
  7054 | D:7      | Found an opulent altar of Gozag.
  7278 | D:8      | Found a runed translucent door.
  7288 | D:8      | Found the +10 large shield of Ignorance {rN+ Int-4}
  7300 | D:8      | Found a runed translucent door.
  7310 | D:8      | Noticed an orange crystal statue
  7310 | D:8      | Noticed an orange crystal statue
  7310 | D:8      | Noticed an orange crystal statue
  7310 | D:8      | Noticed an orange crystal statue
  7450 | D:8      | Lost intelligence.
  7478 | D:8      | HP: 2/64 [orc priest/divine providence[an orange crystal
                  | statue] (15)]
  7478 | D:8      | Slain by a hippogriff

Levels and vault maps discovered:
D:1:      psy_arrival_conway, layout_basic
D:2:      layout_loops_cross
D:3:      layout_rooms, lemuel_crystal_altar,
          gammafunk_temple_overflow_forgotten, kennysheep_okawaru_gauntlet,
          serial_bayou_crossing
D:4:      layout_rooms, serial_shops, shop, nemelex_spade_bored_becter
D:5:      layout_gridville, kennysheep_little_box, temple_garden, first_ration,
          eino_small_chamber_without_monster, uniq_grinder, uniq_prince_ribbit1
D:6:      layout_basic, cheibrodos_ashenzari_chains,
          nicolae_overflow_hidden_temple, minmay_misc_feat_pillars
D:7:      layout_rooms, tso_metal_star, vehumet_crystals, basic_altar,
          gammafunk_ghost_arena, enter_bailey_3, grunt_ministairs_1,
          nrook_mini_vaults, dk_noncrumbling_4
D:8:      layout_basic, lair_entry_dummy, david_nohive_1,
          chequers_guarded_unrand_ignorance
Temple:   cyrus_temple_forest

Skill      XL: |  1  2  3  4  5  6  7  8  9 10 |
---------------+-------------------------------+-----
Axes           | 3 4 5 6 |  6.6
Dodging        | 2 3 4 5 |  5.8
Armour         | 3 4 5 6 7 |  7.6
Fighting       | 4 5 6 7 8 |  8.1
Shields        | 2 4 |  4.7

Action                   |  1- 3 |  4- 6 |  7- 9 | 10-12 || total
-------------------------+-------+-------+-------+-------++-------
Melee: Hand axe          |    77 |   220 |   674 |   112 ||  1083
Invok: Berserk           |     1 |     1 |     7 |     2 ||    11
       Trog's Hand       |       |       |     6 |     1 ||     7
  Eat: Chunk             |       |     8 |    21 |     7 ||    36
       Ration            |       |       |       |     1 ||     1
Armor: Animal skin       |     9 |       |       |       ||     9
       Plate armour      |    51 |   192 |   462 |    20 ||   725
       Crystal plate arm |       |       |       |   305 ||   305
Dodge: Dodged            |    38 |   117 |   204 |    45 ||   404
Block: Large shield      |       |       |   525 |   125 ||   650
